[Event "*** Titled Tuesday 3|2 Blitz (Early)"]
[Site "Chess.com"]
[Date "2017.01.03"]
[Round "8"]
[White "1e41-0"]
[Black "ZhuChenChess"]
[Result "0-1"]
[WhiteElo "2306"]
[BlackElo "2334"]
[TimeControl "180+2"]
[EndTime "12:41:55 PST"]
[Termination "ZhuChenChess won by resignation"]

1. e4 c5 2. Nf3 d6 3. d4 cxd4 4.
Nxd4 Nf6 5. Nc3 a6 6. h3 e6 7. g4 Be7 8. Bg2 O-O 9. Be3 Nc6 10.
Qd2 Ne5 11. Qe2 Qc7 12. O-O-O Nc4 13. Bg5 Bd7 14. f4 Rac8 15. Qf3 b5 16. f5 b4 17. Na4 e5 18. Nb3 Ne3 19. Rd2 Nxc2 20. Kb1 Bxa4 21.
Rc1 Bxb3 22. axb3 Na3+ 23. bxa3 Qxc1+ 24. Ka2 Qxa3+ 0-1

[Event "*** Titled Tuesday 3|2 Blitz (Early)"]
[Site "Chess.com"]
[Date "2017.01.03"]
[Round "8"]
[White "cassoulet"]
[Black "danir29"]
[Result "1-0"]
[WhiteElo "2314"]
[BlackElo "2446"]
[TimeControl "180+2"]
[EndTime "12:41:56 PST"]
[Termination "cassoulet won by resignation"]

1. e4 b6 2. d4 Bb7 3. Nc3 e6 4.
Bd3 g6 5. Nge2 Bg7 6. Bf4 Ne7 7. Qd2 h6 8. Be5 Bxe5 9. dxe5 Nbc6 10. f4 d6 11. exd6 cxd6 12. O-O-O a6 13. Bc4 Na5 14. Bb3 d5 15. exd5 Nxb3+ 16. axb3 Nxd5 17. Nxd5 exd5 18.
Qe3+ Qe7 19. Qxb6 O-O 20. Rhe1 Rfc8 21. Nd4 Qd7 22. f5 Qc7 23. Qf6 Qf4+ 24. Kb1 Re8 25. Rf1 1-0

[Event "*** Titled Tuesday 3|2 Blitz (Early)"]
[Site "Chess.com"]
[Date "2017.01.03"]
[Round "8"]
[White "AndrBaryshpolets"]
[Black "Buffy7"]
[Result "1-0"]
[WhiteElo "2453"]
[BlackElo "2487"]
[TimeControl "180+2"]
[EndTime "12:42:36 PST"]
[Termination "AndrBaryshpolets won by resignation"]

1. d4 Nf6 2. c4 g6 3. Nc3 d5 4.
Nf3 Bg7 5. cxd5 Nxd5 6. e4 Nxc3 7. bxc3 c5 8. Be3 Qa5 9. Qd2 Nc6 10. Rb1 a6 11. Rc1 f5 12. Bd3 O-O 13. d5 Ne5 14. Nxe5 Bxe5 15. f4 fxe4 16. Bxe4 Bd6 17. O-O Bf5 18.
Bxf5 Rxf5 19. Qe2 Rxd5 20. Qc4 e6 21. Qe4 Re8 22. c4 Qa4 23. Qb1 Rf5 24. Qxb7 Qa3 25. Rf3 Qxa2 26. Qd7 1-0

[Event "*** Titled Tuesday 3|2 Blitz (Early)"]
[Site "Chess.com"]
[Date "2017.01.03"]
[Round "8"]
[White "FrankieJay"]
[Black "andretta"]
[Result "0-1"]
[WhiteElo "2268"]
[BlackElo "2437"]
[TimeControl "180+2"]
[EndTime "12:42:37 PST"]
[Termination "andretta won by resignation"]

1. e4 c5 2. Nf3 d6 3. d4 cxd4 4.
Nxd4 Nf6 5. Nc3 Nc6 6. Bg5 e6 7. Qd2 Bd7 8. O-O-O a6 9. f4 b5 10. Bxf6 gxf6 11. Nxc6 Bxc6 12. f5 b4 13. Nd5 exd5 14.
exd5 Bb5 15. Re1+ Be7 16. Qxb4 Kf8 17. Qf4 h5 18. Re3 Qd7 19. g4 Bd8 20. Rg1 Bb6 21. gxh5 Bxe3+ 22. Qxe3 Qxf5 23. Bh3 Qxh5 24. Qg3 Qg5+ 0-1

[Event "*** Titled Tuesday 3|2 Blitz (Early)"]
[Site "Chess.com"]
[Date "2017.01.03"]
[Round "8"]
[White "Rating-Schmating"]
[Black "RamonManon0g"]
[Result "1-0"]
[WhiteElo "2283"]
[BlackElo "2266"]
[TimeControl "180+2"]
[EndTime "12:42:43 PST"]
[Termination "Rating-Schmating won by resignation"]

1. e4 c5 2. Nf3 d6 3. d4 cxd4 4.
Nxd4 Nf6 5. Nc3 a6 6. h3 e5 7. Nde2 h5 8. g3 Be7 9. Bg2 Be6 10. Be3 Nbd7 11. a4 O-O 12. O-O Rc8 13. Nd5 Nxd5 14. exd5 Bf5 15. Nc3 Bg5 16. Qxh5 Bxe3 17. Qxf5 Bd4 18.
Qd3 Bxc3 19. bxc3 Qa5 20. c4 Qc5 21. Rfb1 b6 22. Bf1 f5 23. Qe3 Qc7 24. Kh2 f4 25.
gxf4 exf4 26. Qe6+ Kh8 27. Bd3 Ne5 28. a5 Rf6 29. axb6 Qb8 30. Qe7 Re8 31. Qc7 Nf3+ 32. Kg2 Nh4+ 33. Kh2 Nf3+ 34. Kg2 Nh4+ 35. Kf1 Nf3 36.
Qxb8 Nd2+ 37. Kg2 Rxb8 38. Rb2 f3+ 39. Kh2 Rf4 40. Rxa6 Nxc4 41. Bxc4 Rxc4 42. b7 1-0

[Event "*** Titled Tuesday 3|2 Blitz (Early)"]
[Site "Chess.com"]
[Date "2017.01.03"]
[Round "8"]
[White "boredoldman"]
[Black "johnathan113"]
[Result "1-0"]
[WhiteElo "2495"]
[BlackElo "2326"]
[TimeControl "180+2"]
[EndTime "12:42:44 PST"]
[Termination "boredoldman won on time"]

1. d4 g6 2. Nf3 Nf6 3. g3 Bg7 4. Bg2 O-O 5. O-O d6 6. c4 Nc6 7. d5 Na5 8. Nbd2 c5 9. e4 a6 10. Rb1 b5 11. b3 e6 12. Bb2 bxc4 13.
bxc4 exd5 14. cxd5 Re8 15. Re1 Bd7 16. h3 Qc8 17.
Bc3 Qc7 18. Qc1 Reb8 19. Rxb8+ Rxb8 20. e5 Nxd5 21. exd6 Qb6 22. Bxg7 Kxg7 23. Ng5 Nf6 24. Re7 Rf8 25. Nde4 Nxe4 26. Qa1+ Kh6 27. Bxe4 Be8 28.
Ne6 1-0

[Event "*** Titled Tuesday 3|2 Blitz (Early)"]
[Site "Chess.com"]
[Date "2017.01.03"]
[Round "8"]
[White "Izoria123"]
[Black "dretch"]
[Result "0-1"]
[WhiteElo "2414"]
[BlackElo "2610"]
[TimeControl "180+2"]
[EndTime "12:42:49 PST"]
[Termination "dretch won by resignation"]

1. c4 c6 2. e4 d5 3. exd5 cxd5 4.
d4 Nf6 5. Nc3 e6 6. Nf3 Bb4 7.
cxd5 Nxd5 8. Bd2 Nc6 9. Bd3 O-O 10. O-O Be7 11. Re1 Nf6 12. Bg5 h6 13. Be3 Nb4 14. Bb1 b6 15. a3 Nbd5 16. Nxd5 Qxd5 17. Ba2 Qh5 18. Qd2 Bb7 19. Ne5 Ng4 20. Bf4 Rad8 21. Nxf7 Rxf7 22. Bxe6 Kh8 23. Bg3 Bg5 24. Qe2 Rxf2 25.
Qxf2 Nxf2 26. Kxf2 Bf6 27. Kg1 Bxd4+ 28. Kh1 Bxb2 29.
Rab1 Bc3 0-1

[Event "*** Titled Tuesday 3|2 Blitz (Early)"]
[Site "Chess.com"]
[Date "2017.01.03"]
[Round "8"]
[White "rubhani"]
[Black "Pierrebl"]
[Result "1-0"]
[WhiteElo "2422"]
[BlackElo "2469"]
[TimeControl "180+2"]
[EndTime "12:42:58 PST"]
[Termination "rubhani won on time"]

1. e4 c5 2. Ne2 Nc6 3. d4 cxd4 4.
Nxd4 Nf6 5. Nc3 e5 6. Ndb5 d6 7. Bg5 a6 8. Na3 b5 9. Nd5 Be7 10.
Bxf6 Bxf6 11. c3 Bg5 12. Nc2 Ne7 13. a4 bxa4 14. Bc4 O-O 15. Rxa4 a5 16. O-O Bd7 17. Ra3 Be6 18. b4 Rc8 19. Nxe7+ Qxe7 20. Bxe6 fxe6 21. bxa5 Rc4 22. Qd3 Qc7 23. a6 Ra8 24. Rb1 h6 25. g3 Kh7 26. Rb7 Qc6 27. Nb4 Qc5 28. Qf3 Kh8 29. a7 Qc8 30. Qf7 Bf6 31. Na6 Kh7 32. Rb8 1-0

[Event "*** Titled Tuesday 3|2 Blitz (Early)"]
[Site "Chess.com"]
[Date "2017.01.03"]
[Round "8"]
[White "MrReinberg"]
[Black "Firebullet"]
[Result "1-0"]
[WhiteElo "2259"]
[BlackElo "2280"]
[TimeControl "180+2"]
[EndTime "12:43:07 PST"]
[Termination "MrReinberg won by resignation"]

1. e4 c5 2. Nc3 Nc6 3. f4 g6 4.
Nf3 Bg7 5. Bc4 e6 6. f5 Nge7 7. fxe6 fxe6 8. d3 O-O 9. O-O d5 10. Bb3 Nd4 11. Bg5 Nxb3 12. axb3 Qd6 13. Bxe7 Qxe7 14.
exd5 exd5 15. Nxd5 Qd6 16. Nc3 Bg4 17. h3 Bh5 18. Ne4 Qf4 19. g4 Bxg4 20. hxg4 Qxg4+ 21. Kh1 Rf5 22. Nh2 Qh3 23. Rxf5 Qxf5 24. Qf3 Qe5 25.
Ng4 Qxb2 26. Nef6+ Bxf6 27. Nxf6+ Kg7 28. Rf1 Rb8 29.
Nd7 Rd8 30. Qf7+ Kh6 31. Nf6 Qd4 32. Qxh7+ Kg5 33. Ne4+ 1-0

[Event "*** Titled Tuesday 3|2 Blitz (Early)"]
[Site "Chess.com"]
[Date "2017.01.03"]
[Round "8"]
[White "162a54f5d"]
[Black "FearlessKing64"]
[Result "1-0"]
[WhiteElo "2387"]
[BlackElo "2071"]
[TimeControl "180+2"]
[EndTime "12:43:12 PST"]
[Termination "162a54f5d won by resignation"]

1. d4 Nf6 2. c4 g6 3. g3 c6 4. Bg2 d5 5. Nf3 Ne4 6. b3 Bg7 7. O-O O-O 8. Bb2 dxc4 9. Qc2 Bf5 10. g4 c3 11. Bc1 Ng3 12. gxf5 Nxf1 13. Kxf1 c5 14. Nxc3 cxd4 15. f6 exf6 16. Na4 Nc6 17.
Ba3 Re8 18. Rd1 f5 19. Nc5 b6 20. Nd3 Rc8 21. Qd2 Qd7 22. Nb2 Re4 23. Nc4 Rce8 24.
Re1 b5 25. Nd6 b4 26. Nxe8 Qxe8 27. Bxb4 Nxb4 28. Qxb4 Bf8 29. Qd2 Qd8 30. Rd1 Bg7 31. Ne1 Re7 32. Nc2 Rd7 33. Nb4 a5 34. Nc6 Qb6 35.
Qxa5 Qxc6 36. Bxc6 1-0

[Event "*** Titled Tuesday 3|2 Blitz (Early)"]
[Site "Chess.com"]
[Date "2017.01.03"]
[Round "8"]
[White "Haykos"]
[Black "FlySooHigh"]
[Result "1/2-1/2"]
[WhiteElo "2428"]
[BlackElo "2465"]
[TimeControl "180+2"]
[EndTime "12:43:16 PST"]
[Termination "Game drawn by repetition"]

1. e4 d5 2. exd5 Nf6 3. Nc3 Nxd5 4. g3 g6 5. Bg2 c6 6. Nge2 Bg7 7. O-O O-O 8. d4 Nxc3 9. bxc3 Be6 10. a4 Bd5 11. Rb1 Bxg2 12. Kxg2 c5 13. d5 b6 14. c4 Nd7 15.
Nf4 Ne5 16. Qe2 Qd7 17. a5 Qa4 18. axb6 axb6 19. Bb2 Qxc4 20. Rfe1 Qxe2 21. Rxe2 Nc4 22. Bxg7 Kxg7 23. Rxe7 Rfe8 24. Rbe1 Rxe7 25. Rxe7 Kf6 26. Rc7 Ra2 27. c3 Rc2 28. Rc6+ Ke7 29. Rc7+ Kf6 30.
Rc6+ Ke7 31. Rc7+ Kf6 32. Rc6+ 1/2-1/2

[Event "*** Titled Tuesday 3|2 Blitz (Early)"]
[Site "Chess.com"]
[Date "2017.01.03"]
[Round "8"]
[White "sandropozo"]
[Black "Alexander_Moskalenko"]
[Result "0-1"]
[WhiteElo "2425"]
[BlackElo "2669"]
[TimeControl "180+2"]
[EndTime "12:43:41 PST"]
[Termination "Alexander_Moskalenko won on time"]

1. d4 e6 2. Nf3 Nf6 3. c4 d5 4. Nc3 Nbd7 5. g3 c6 6. Bg2 dxc4 7. O-O Be7 8. a4 O-O 9. e4 e5 10. dxe5 Ng4 11. Bf4 Qa5 12. Qe2 Ndxe5 13. Nxe5 Nxe5 14. Bxe5 Qxe5 15. Qxc4 Be6 16. Qe2 Rfd8 17.
Kh1 a5 18. f4 Qc5 19. Rfd1 f6 20. Rxd8+ Rxd8 21. Rd1 Qb4 22. Rxd8+ Bxd8 23. f5 Bf7 24. e5 fxe5 25. Qxe5 Qxb2 26. h4 Qb4 27. Ne4 Qe7 28. Qb8 Qc7 29. Qa8 Bd5 30. Ng5 Bb3 31.
Kh2 h6 32. Ne4 Bd5 33. Nc5 Kf7 34. Bxd5+ cxd5 35. Ne6 Qc2+ 36. Kh1 Qe4+ 37. Kh2 Qe2+ 38. Kh3 Qf1+ 39. Kh2 Qf2+ 40. Kh3 Qxf5+ 0-1

[Event "*** Titled Tuesday 3|2 Blitz (Early)"]
[Site "Chess.com"]
[Date "2017.01.03"]
[Round "8"]
[White "Frolyanov_D"]
[Black "Gabrielian_Artur"]
[Result "1-0"]
[WhiteElo "2526"]
[BlackElo "2651"]
[TimeControl "180+2"]
[EndTime "12:43:41 PST"]
[Termination "Frolyanov_D won on time"]

1. e4 c5 2. Nf3 d6 3. d4 cxd4 4.
Nxd4 Nf6 5. Nc3 a6 6. Bg5 Nbd7 7. f4 Qc7 8. Qe2 e6 9. O-O-O b5 10. g4 b4 11. Nd5 exd5 12. exd5+ Be7 13. Nc6 Nb8 14.
Bxf6 gxf6 15. Bg2 Nxc6 16. dxc6 a5 17. f5 Ba6 18. Qe3 O-O-O 19. Bd5 Bf8 20. Rhe1 h5 21. Qb3 hxg4 22. Bxf7 Rxh2 23. Bd5 Bh6+ 24. Kb1 Bf4 25. a3 Qb6 26. Re7 Be5 27. Be6+ Kb8 28. Qe3 Bd4 29. Qxd4 1-0

[Event "*** Titled Tuesday 3|2 Blitz (Early)"]
[Site "Chess.com"]
[Date "2017.01.03"]
[Round "8"]
[White "gmsakk"]
[Black "NewBornNow"]
[Result "0-1"]
[WhiteElo "2467"]
[BlackElo "2578"]
[TimeControl "180+2"]
[EndTime "12:43:48 PST"]
[Termination "NewBornNow won by resignation"]

1. d4 Nf6 2. Bg5 Ne4 3. Bf4 c5 4. f3 Qa5+ 5. c3 Nf6 6. Nd2 cxd4 7.
Nb3 Qb6 8. Qxd4 Qxd4 9. cxd4 d5 10.
e3 a6 11. Bd3 Nc6 12. Rc1 e6 13. Kf2 Be7 14. g4 Nd7 15. Ne2 g5 16. Bg3 h5 17. h3 h4 18. Bc7 Bd8 19. Bxd8 Kxd8 20.
f4 f6 21. Ng1 e5 22. Bf5 gxf4 23. exf4 e4 24. Bxd7 Bxd7 25. a3 a5 26. f5 a4 27.
Nc5 b6 28. Nxd7 Kxd7 29. Ne2 Kd6 30. Ke3 Na5 31. Nf4 Rhc8 32. Ng6 Nc4+ 33. Rxc4 Rxc4 34. Nxh4 Ra5 35. Kf4 Rb5 0-1

[Event "*** Titled Tuesday 3|2 Blitz (Early)"]
[Site "Chess.com"]
[Date "2017.01.03"]
[Round "8"]
[White "Divertissement"]
[Black "Chopper1905"]
[Result "0-1"]
[WhiteElo "2456"]
[BlackElo "2607"]
[TimeControl "180+2"]
[EndTime "12:43:51 PST"]
[Termination "Chopper1905 won by resignation"]

1. c4 e6 2. Nc3 Nf6 3. e4 c5 4.
Nf3 Nc6 5. Be2 Qc7 6. O-O a6 7. d4 cxd4 8. Nxd4 Bd6 9. h3 Bh2+ 10. Kh1 Nxd4 11. Qxd4 Be5 12. Qd3 b6 13. f4 Bxc3 14.
bxc3 Bb7 15. Bf3 Rc8 16. e5 Ng8 17. f5 Ne7 18. f6 gxf6 19. exf6 Ng6 20. Bxb7 Qxb7 21.
Bh6 Rg8 22. Rf2 Rc5 23. Bg7 Qc6 24. Qg3 d6 25. Rd1 Ne5 26. Rfd2 Nxc4 27. Rxd6 Nxd6 28. Rxd6 Qc7 29. Qd3 Rxc3 30. Qxh7 Rc1+ 0-1

[Event "*** Titled Tuesday 3|2 Blitz (Early)"]
[Site "Chess.com"]
[Date "2017.01.03"]
[Round "8"]
[White "Blitzstream"]
[Black "jb2mix"]
[Result "1-0"]
[WhiteElo "2518"]
[BlackElo "2410"]
[TimeControl "180+2"]
[EndTime "12:44:07 PST"]
[Termination "Blitzstream won on time"]

1. d4 Nf6 2. Bg5 d5 3. Bxf6 exf6 4. e3 Bd6 5. c4 dxc4 6. Bxc4 O-O 7. Nf3 Nd7 8. O-O f5 9. Nc3 c6 10. Re1 Nf6 11. Bf1 Re8 12. g3 Qe7 13. Bg2 Be6 14.
Qc2 Rad8 15. Rad1 Bc8 16. Nd2 Bb8 17. Nc4 h5 18. a3 h4 19. b4 hxg3 20. hxg3 Ng4 21.
b5 Qe6 22. Na5 Qh6 23. bxc6 Qh2+ 24. Kf1 bxc6 25. Nxc6 Ba6+ 26. Re2 Bxg3 27. Qxf5 Bxf2 28. Qxf2 Nxf2 29. Kxf2 Qh4+ 30. Kg1 1-0

[Event "*** Titled Tuesday 3|2 Blitz (Early)"]
[Site "Chess.com"]
[Date "2017.01.03"]
[Round "8"]
[White "RitvarsReimanis"]
[Black "FastChance"]
[Result "1-0"]
[WhiteElo "2459"]
[BlackElo "2496"]
[TimeControl "180+2"]
[EndTime "12:44:15 PST"]
[Termination "RitvarsReimanis won by resignation"]

1. d4 e6 2. Bf4 c5 3. c3 Nc6 4. e3 Nf6 5. Nf3 Nh5 6. Bg3 Nxg3 7.
hxg3 Qb6 8. Qb3 d6 9. Bd3 h6 10. Nbd2 Be7 11. Qxb6 axb6 12. a3 Bd7 13. Ke2 e5 14.
dxe5 dxe5 15. Nc4 b5 16. Ncxe5 Nxe5 17. Nxe5 c4 18. Be4 Rb8 19. a4 bxa4 20. Nxd7 Kxd7 21. Rxa4 b5 22. Ra7+ Ke6 23. Ra6+ Ke5 24. Rh5+ g5 25.
Bc2 b4 26. f4+ Kd5 27. Rhxh6 Rxh6 28. Rxh6 b3 29. Bb1 Ra8 30. Kd2 Ra1 31. Rh1 Kc5 32.
Rd1 Ra6 33. Ke2 Ra1 34. Kf3 f5 35. Ke2 g4 36. Bxf5 Ra2 37. Rd2 Bf6 38. Bxg4 Bxc3 39. bxc3 b2 40. Bf5 1-0

[Event "*** Titled Tuesday 3|2 Blitz (Early)"]
[Site "Chess.com"]
[Date "2017.01.03"]
[Round "8"]
[White "Feegus"]
[Black "Corpescador"]
[Result "1-0"]
[WhiteElo "2319"]
[BlackElo "2429"]
[TimeControl "180+2"]
[EndTime "12:44:24 PST"]
[Termination "Feegus won by checkmate"]

1. Nf3 d5 2. g3 c6 3. Bg2 Bg4 4.
Ne5 Bf5 5. c4 e6 6. cxd5 exd5 7.
O-O Nf6 8. d3 Bc5 9. e4 Be6 10.
exd5 Bxd5 11. Re1 O-O 12. d4 Be7 13. Nc3 Bxg2 14. Kxg2 Nbd7 15. Qe2 Re8 16. Qc4 Rf8 17.
Qb3 Nb6 18. Bg5 Rb8 19. Rad1 Nbd5 20. Bxf6 Bxf6 21. Nxd5 cxd5 22. Re3 Qd6 23. Rde1 h5 24. h4 g6 25. Rf3 Kg7 26. Qe3 Rfe8 27. Qf4 Re6 28. Ree3 Rbe8 29. Qh6+ Kg8 30. Nxf7 Bg7 31. Qxg7+ Kxg7 32. Nxd6 Rxe3 33. Rxe3 Rd8 34. Nxb7 Rd7 35. Nc5 Rd6 36. Re6 Rd8 37. Re7+ Kf6 38. Rxa7 Re8 39.
Nd7+ Kf5 40. Ne5 Rc8 41. Rf7+ Ke4 42. Rf4# 1-0

[Event "*** Titled Tuesday 3|2 Blitz (Early)"]
[Site "Chess.com"]
[Date "2017.01.03"]
[Round "8"]
[White "Anton_Demchenko"]
[Black "Dlugy"]
[Result "0-1"]
[WhiteElo "2643"]
[BlackElo "2696"]
[TimeControl "180+2"]
[EndTime "12:44:25 PST"]
[Termination "Dlugy won by resignation"]

1. e4 c5 2. Nf3 d6 3. d4 cxd4 4. Nxd4 Nf6 5. Nc3 Nc6 6. Bg5 e6 7. Qd2 a6 8. O-O-O h6 9. Be3 Nxd4 10. Bxd4 b5 11. f3 Qa5 12. Kb1 b4 13. Ne2 e5 14.
Bf2 Be6 15. Nc1 Be7 16. Nb3 Qa4 17. Bd3 O-O 18. Qe2 Rfc8 19. h4 h5 20. Rhg1 Qd7 21.
Be3 a5 22. Nd2 d5 23. Bg5 d4 24. g4 hxg4 25. Bxf6 Bxf6 26. fxg4 a4 27. g5 Bd8 28.
Bc4 b3 29. cxb3 axb3 30. axb3 Qa7 31. g6 Qa2+ 32. Kc2 Bxc4 33. Nxc4 Ra4 34. gxf7+ Kf8 35. Kd2 Qxb3 36. Qh5 Qb4+ 37. Ke2 Qxc4+ 38. Kf2 Qxf7+ 39. Qxf7+ Kxf7 0-1

[Event "*** Titled Tuesday 3|2 Blitz (Early)"]
[Site "Chess.com"]
[Date "2017.01.03"]
[Round "8"]
[White "ChessWarrior7197"]
[Black "Andrejkin"]
[Result "1/2-1/2"]
[WhiteElo "2470"]
[BlackElo "2203"]
[TimeControl "180+2"]
[EndTime "12:44:29 PST"]
[Termination "Game drawn - insufficient material"]

1. d4 Nf6 2. Bf4 e6 3. Nd2 d5 4. e3 Bd6 5. Bg3 b5 6. Bxb5+ c6 7. Bd3 Ba6 8. Bxa6 Nxa6 9. c3 O-O 10. Ngf3 c5 11.
O-O Bxg3 12. hxg3 cxd4 13. exd4 Qb6 14. Qb3 Rab8 15. Rfb1 Nd7 16. Qxb6 Nxb6 17. Ne5 f6 18. Nd3 Rb7 19. Nb3 Kf7 20. Nbc5 Nxc5 21. Nxc5 Re7 22.
Re1 Nc4 23. b3 Na3 24. Rac1 a5 25. f4 Nb5 26. Re3 g6 27. Rce1 h6 28. Rxe6 Rxe6 29.
Rxe6 Nxc3 30. Kf2 Ne4+ 31. Rxe4 dxe4 32. Nxe4 Ke6 33. Ke3 Kd5 34. Kd3 g5 35. Nc3+ Ke6 36. d5+ Kd6 37. Kd4 gxf4 38. gxf4 Rg8 39. Ne4+ Kc7 40. d6+ Kc6 41. d7 Kc7 42. Nxf6 Rxg2 43. f5 Rf2 44. Ke5 h5 45. Ne4 Re2 46. f6 Kxd7 47. Kf5 h4 48. Ng5 Rf2+ 49. Kg6 Rg2 50. Kh5 Ke8 51. Kxh4 Rxa2 52. Kh5 Rb2 53. Kg6 Rxb3 54.
Kg7 Rb7+ 55. f7+ Rxf7+ 56. Nxf7 Ke7 57. Ne5 a4 58. Nc4 Ke6 59. Na3 Kd5 60. Kf6 Kd4 61.
Ke6 Kc3 62. Kd5 Kb4 63. Nc4 a3 64. Nxa3 1/2-1/2

[Event "*** Titled Tuesday 3|2 Blitz (Early)"]
[Site "Chess.com"]
[Date "2017.01.03"]
[Round "8"]
[White "visa"]
[Black "IIIlllII1llIl"]
[Result "0-1"]
[WhiteElo "2150"]
[BlackElo "2423"]
[TimeControl "180+2"]
[EndTime "12:44:37 PST"]
[Termination "IIIlllII1llIl won by resignation"]

1. e4 e5 2. Nf3 Nc6 3. Bc4 Nf6 4.
d3 Bc5 5. c3 O-O 6. Bg5 d6 7.
Nbd2 h6 8. Bh4 a6 9. Bb3 Ba7 10. h3 g5 11. Nxg5 hxg5 12. Bxg5 Kg7 13. Qf3 Rh8 14. Nf1 Kg6 15. h4 Bg4 16. Qg3 Qd7 17.
f3 Rag8 18. fxg4 Qxg4 19. Bxf6 Kxf6 20. Qf3+ Qxf3 21. gxf3 Ne7 22. O-O-O Ng6 23. h5 Nf4 24. Ne3 Bxe3+ 25. Kb1 Rh6 26. Rde1 Bf2 27. Ref1 Rg2 28. Bc2 c5 29. b4 b5 30. a3 Rxh5 31. Rxh5 Nxh5 32.
Rh1 Rg1+ 33. Rxg1 Bxg1 34. a4 cxb4 35. axb5 axb5 36. cxb4 Nf4 37. Kb2 Ne6 38. Bb3 Nd4 39. Bd5 Nxf3 40. Bc6 Nd4 41. Ka3 Nxc6 0-1

[Event "*** Titled Tuesday 3|2 Blitz (Early)"]
[Site "Chess.com"]
[Date "2017.01.03"]
[Round "8"]
[White "yian123"]
[Black "HK1974"]
[Result "1-0"]
[WhiteElo "2383"]
[BlackElo "2167"]
[TimeControl "180+2"]
[EndTime "12:44:57 PST"]
[Termination "yian123 won by resignation"]

1. e4 c5 2. Nf3 e6 3. d4 cxd4 4. Nxd4 Nf6 5. Nc3 Bb4 6. Nb5 a6 7. Nd6+ Ke7 8. e5 Nd5 9. Ne4 Qc7 10. Bg5+ f6 11. exf6+ gxf6 12. Bd2 Nxc3 13. bxc3 Ba5 14. f4 d5 15. Ng3 Bxc3 16. Rb1 Qa5 17. Bxc3 Qxc3+ 18. Kf2 Qc5+ 19. Ke1 Qe3+ 20. Be2 Nc6 21. Rb3 Qxf4 22. Rf3 Qe5 23. Rhf1 Rf8 24. c3 Bd7 25. Qd2 Na5 26. Re3 Qd6 27. Nf5+ Kd8 28. Nxd6 Kc7 29. c4 Nc6 30. cxd5 exd5 31. Nf5 d4 32. Nxd4 Rae8 33.
Nxc6 Bxc6 34. Rxe8 Rxe8 35. Rxf6 Bb5 36. Rf2 Re7 37.
Kf1 Rd7 38. Bxb5 Rxd2 39. Rxd2 axb5 40. Rf2 Kc6 41. Rf7 h5 42. Rh7 Kc5 43. Rxh5+ Kb4 44. Rh3 Ka4 45. Rb3 b4 46. h4 b5 47. h5 Ka5 48. h6 1-0

[Event "*** Titled Tuesday 3|2 Blitz (Early)"]
[Site "Chess.com"]
[Date "2017.01.03"]
[Round "8"]
[White "Egorov_Pavel"]
[Black "biostatistician"]
[Result "0-1"]
[WhiteElo "2310"]
[BlackElo "2440"]
[TimeControl "180+2"]
[EndTime "12:45:00 PST"]
[Termination "biostatistician won on time"]

1. d4 Nf6 2. c4 g6 3. Nc3 Bg7 4.
e4 d6 5. h3 O-O 6. Nf3 e5 7. dxe5 dxe5 8. Qxd8 Rxd8 9. Bg5 Nbd7 10.
O-O-O Rf8 11. Be3 c6 12. Be2 Re8 13. Nd2 Nf8 14. Nb3 Ne6 15. g3 Bf8 16. f4 Bh6 17.
Rhf1 exf4 18. gxf4 Ng7 19. e5 Nfh5 20. Bxh5 Nxh5 21. Ne4 Bf5 22. Nd6 Red8 23. Nxf5 gxf5 24. Nd4 Ng7 25. Rg1 Kf8 26. Rxg7 Bxg7 27. Nxf5 Rxd1+ 28. Kxd1 Rd8+ 29. Ke2 b6 30. h4 Re8 31. h5 f6 32. h6 Bh8 33. e6 Rxe6 34. Kd3 Kf7 35. Nd4 Rd6 36. Ke4 c5 37. Nb5 Re6+ 38. Kf3 f5 39. b3 Rxh6 40. Nxa7 Rh2 41. a3 Rb2 42. b4 cxb4 43. axb4 Rxb4 44. c5 bxc5 45. Bxc5 Rb3+ 46. Kf2 Rd3 47. Nb5 Rd5 48. Nd6+ Ke6 49. Ba3 Rxd6 0-1

[Event "*** Titled Tuesday 3|2 Blitz (Early)"]
[Site "Chess.com"]
[Date "2017.01.03"]
[Round "8"]
[White "Spas_Kozhuharov"]
[Black "petrpalachev"]
[Result "1-0"]
[WhiteElo "2480"]
[BlackElo "2408"]
[TimeControl "180+2"]
[EndTime "12:45:08 PST"]
[Termination "Spas_Kozhuharov won by resignation"]

1. d4 d5 2. c4 e6 3. Nc3 Bb4 4. Qa4+ Nc6 5. cxd5 exd5 6. Bf4 Nf6 7. e3 O-O 8. Nf3 a6 9. Be2 Bg4 10. O-O Bd6 11.
Bg5 Be7 12. Bxf6 Bxf6 13. Qb3 Na5 14. Qxd5 Bxf3 15. Qxd8 Raxd8 16. Bxf3 c5 17. d5 Bxc3 18. bxc3 Nc4 19. a4 Ne5 20. Rfd1 f5 21. Rab1 Rf7 22. Be2 Rfd7 23. c4 g6 24. a5 Nf7 25. Bd3 Nd6 26. f3 Re7 27. Kf2 Kf7 28. Rb6 Rdd7 29. h3 h5 30. g4 hxg4 31. hxg4 fxg4 32. fxg4 Ne4+ 33. Kg2 Kg7 34. Bxe4 Rxe4 35. Rdb1 Rxg4+ 36. Kf3 Rxc4 37. Rxb7 Rxb7 38. Rxb7+ Kf6 39. e4 Rc3+ 40. Kg4 Ke5 41. Re7+ Kd4 42. d6 Rd3 43. d7 Ke3 44. e5 c4 45. e6 c3 46. Re8 Rd4+ 47. Kg5 Rc4 48. Rc8 1-0

[Event "*** Titled Tuesday 3|2 Blitz (Early)"]
[Site "Chess.com"]
[Date "2017.01.03"]
[Round "8"]
[White "underdogchss"]
[Black "Ginger_GM"]
[Result "0-1"]
[WhiteElo "2299"]
[BlackElo "2449"]
[TimeControl "180+2"]
[EndTime "12:45:16 PST"]
[Termination "Ginger_GM won on time"]

1. d4 d5 2. Nf3 Nc6 3. c4 Bg4 4.
Nc3 e6 5. Bf4 Bb4 6. e3 Nf6 7.
Rc1 O-O 8. h3 Bxf3 9. Qxf3 Qe7 10. a3 Bxc3+ 11. Rxc3 Ne4 12. Rc2 e5 13. dxe5 Nxe5 14.
Bxe5 Qxe5 15. Bd3 Nc5 16. Be2 d4 17. exd4 Qxd4 18. O-O c6 19. Rd1 Qe5 20. b4 Ne6 21. Rcd2 Rad8 22. Rxd8 Rxd8 23. Rxd8+ Nxd8 24. g3 Ne6 25.
Qd3 Nd4 26. Bf1 g6 27. c5 h5 28. h4 Kg7 29. Kh2 f5 30. Kg1 f4 31. gxf4 Qxf4 32.
Qg3 Qxg3+ 33. fxg3 Nc2 34. Kf2 Nxa3 35. Bd3 Nb5 36.
Bxb5 cxb5 37. Ke3 Kf6 38. Kf4 a6 39. g4 hxg4 40. Kxg4 Ke6 41. Kg5 Kf7 42. Kg4 Kf6 43. Kf4 Ke6 44. Kg5 a5 45. bxa5 Kd7 0-1

[Event "*** Titled Tuesday 3|2 Blitz (Early)"]
[Site "Chess.com"]
[Date "2017.01.03"]
[Round "8"]
[White "davidarenas1224"]
[Black "PowerThinking2650"]
[Result "1-0"]
[WhiteElo "2231"]
[BlackElo "2265"]
[TimeControl "180+2"]
[EndTime "12:45:28 PST"]
[Termination "davidarenas1224 won by resignation"]

1. e4 Nf6 2. e5 Nd5 3. d4 d6 4. c4 Nb6 5. exd6 exd6 6. Nc3 Be7 7.
Bd3 Nc6 8. Nge2 Bg4 9. f3 Bh5 10. O-O Bg6 11. b3 Bf6 12. Bxg6 hxg6 13. d5 Ne7 14. Nd4 O-O 15. Bb2 a5 16. Qd2 a4 17.
Rae1 axb3 18. axb3 Qd7 19. Ne4 Ra2 20. Nxf6+ gxf6 21. Ra1 Rfa8 22. Rxa2 Rxa2 23. Ra1 Rxa1+ 24. Bxa1 Nf5 25. g4 Ng7 26. Kf2 Qe7 27. Nb5 Ne8 28. Qf4 Nd7 29. h3 Ne5 30. Qe3 c6 31. dxc6 bxc6 32. Nd4 c5 33. Nb5 g5 34. Bxe5 fxe5 35. Qe4 Kg7 36. Qc6 Qe6 37. Ke3 Kf8 38. Qa8 Kg7 39. Qd8 e4 40. Qxg5+ Kf8 41. fxe4 Nf6 42. Nc3 Nd7 43. Nd5 Ne5 44. Qf6 Ng6 45. Qxe6 fxe6 46. Nf4 Kf7 47. Nxg6 Kxg6 48. Kf4 e5+ 49. Kg3 Kh7 50.
h4 Kh6 51. g5+ Kh5 52. Kh3 Kg6 53. Kg4 Kg7 54. Kf5 1-0

[Event "*** Titled Tuesday 3|2 Blitz (Early)"]
[Site "Chess.com"]
[Date "2017.01.03"]
[Round "8"]
[White "chito89"]
[Black "Mischuk_D"]
[Result "1-0"]
[WhiteElo "2525"]
[BlackElo "2458"]
[TimeControl "180+2"]
[EndTime "12:45:40 PST"]
[Termination "chito89 won on time"]

1. e4 c5 2. Nc3 Nc6 3. g3 g6 4.
Bg2 Bg7 5. d3 e6 6. Be3 Nd4 7. Qd2 d6 8. Nd1 Rb8 9. c3 Nc6 10. d4 cxd4 11. cxd4 Nge7 12. Nc3 O-O 13. Nge2 b5 14. Bh6 b4 15. Bxg7 Kxg7 16. Nd1 Ba6 17.
Ne3 Bxe2 18. Kxe2 e5 19. dxe5 dxe5 20. Rhd1 Nd4+ 21. Kf1 Qb6 22. Kg1 Rbc8 23. Rac1 a5 24. Nc4 Qb5 25. Nd6 Qa6 26. Nxc8 Nxc8 27. Rc5 Rd8 28.
Rd5 Rxd5 29. exd5 Nd6 30. Qd3 Qc8 31. f4 f6 32. fxe5 fxe5 33. Rf1 Qc5 34. Kh1 h5 35. Qe3 Nf7 36. Be4 Qe7 37. Bd3 Nd6 38. Re1 Kf6 39. Qh6 N6f5 40. Qh8+ Ng7 41. Rf1+ Nf5 42. Bxf5 gxf5 43.
Rc1 e4 44. Rc6+ Kg5 45. Qh6+ Kg4 46. Qf4+ Kh3 47. Rg6 Qg5 48. Rxg5 1-0